 Dungeon Crawl Stone Soup version 0.31-a0-18-gea43df2a32 (webtiles) character file.

Game seed: 18077447724998638090

74 porpoise the Shooter (level 4, -2/35 HPs)
             Began as a Human Hunter on May 12, 2023.
             Was an Initiate of Fedhas.
             Succumbed to an orc's poison
             ... on level 3 of the Dungeon.
             The game lasted 00:05:11 (1947 turns).

porpoise the Shooter (Human Hunter)                 Turns: 1947, Time: 00:05:11

Health: -2/35      AC:  4    Str: 12    XL:     4   Next: 52%
Magic:  4/4        EV: 12    Int:  9    God:    Fedhas [......]
Gold:   131        SH:  0    Dex: 18    Spells: 3/3 levels left

rFire   + . .        a - +0 shortbow
rCold   . . .        (shield currently unavailable)
rNeg    . . .        c - +0 leather armour
rPois   .            (no helmet)
rElec   .            (no cloak)
rCorr   .            (no gloves)
SInv    .            k - +0 pair of boots
Will    .....        (no amulet)
Stlth   +            u - ring of protection from fire
HPRegen 0.25/turn    (no ring)
MPRegen 0.09/turn

%: no passive effects
@: confused, brilliant, lethally poisoned (-2 -> -35)
A: no striking features
a: Renounce Religion


You were on level 3 of the Dungeon.
You worshipped Fedhas.
Fedhas was noncommittal.
You visited 1 branch of the dungeon, and saw 3 of its levels.

You collected 131 gold pieces.

Inventory:

Hand Weapons
 a - a +0 shortbow (weapon)
 b - a +0 short sword
Armour
 c - a +0 leather armour (worn)
 k - a +0 pair of boots (worn)
Jewellery
 u - a ring of protection from fire (left hand)
 x - a ring of ice
Scrolls
 d - 4 scrolls of teleportation {unknown}
 g - a scroll of silence {unknown}
 h - a scroll of poison {unknown}
 l - 3 scrolls of amnesia {unknown}
 m - a scroll of immolation
 n - a scroll of enchant weapon {unknown}
 o - 2 scrolls of identify {unknown}
 p - 4 scrolls of blinking {unknown}
 r - a scroll of butterflies {unknown}
 t - 3 scrolls of vulnerability {unknown}
Potions
 e - 2 potions of degeneration {unknown}
 f - a potion of resistance {unknown}
 i - 2 potions of ambrosia {unknown}
 j - a potion of brilliance
 q - a potion of heal wounds {unknown}
 s - a potion of magic {unknown}
 v - a potion of might {unknown}
 w - a potion of haste {unknown}


   Skills:
 + Level 3.0 Fighting
 * Level 5.2 Ranged Weapons
 - Level 2.0 Dodging
 - Level 1.0 Stealth


You had 3 spell levels left.
You didn't know any spells.
Your spell library was empty.

Dungeon Overview and Level Annotations

Branches:
Dungeon (3/15)

Altars:
Fedhas
Nemelex Xobeh


Message History

You kill the orc!
Fedhas appreciates your contribution to the ecosystem.
The orc wizard hits you with a +0 dagger of venom.
You are poisoned.
Your Fighting skill increases to level 3!
You shoot an arrow.
The arrow hits the orc but does no damage.
The orc is heavily wounded.
You feel sick. The orc misses you. The orc wizard casts a spell at you.
You are confused.
The orc barely misses you. The orc wizard barely misses you.
The orc hits you but does no damage. The orc closely misses you.
You clumsily bash the orc but do no damage.
You feel sick. The orc closely misses you.
The orc wizard hits you but does no damage.
You are more poisoned.
The orc barely misses you.
Okay, then.
The orc attacks as you move away! The orc misses you.
You feel sick. The orc attacks as you move away!
The orc hits you with a +1 hand axe of venom.
You are more poisoned.
You feel very sick.
The orc wizard attacks as you move away!
The orc wizard hits you with a +0 dagger of venom.
You are lethally poisoned!
You feel very sick.
The orc hits you with a +1 hand axe of venom.
You are more poisoned.
You bump into the rock wall.
* * * LOW HITPOINT WARNING * * *
You feel extremely sick.
The orc hits you with a +1 hand axe of venom.
* * * LOW HITPOINT WARNING * * *
You are more poisoned.
The orc wizard barely misses you.
It was a potion of brilliance.
You feel clever all of a sudden.
You die...
Fedhas appreciates your contribution to the ecosystem.

............
##..######## #..#
##.## #..# #.)# #..#
##.# #..# #.#### #..#
#....# #..# #######.#
#####..# ..# #>#
#...@oo#
..#####.#####.###o.#
..'.............#..#
..######..###.#.#.)..#
..# ##..##.#.#....#
..########....# #....#
...).........># #..$.#
############### #....#
#....#


You could see an orc wizard and 2 orcs.

Vanquished Creatures
  2 adders (D:2)
  A dart slug (D:2)
  An orc (D:3)
  A ball python (D:2)
  8 endoplasms
  5 giant cockroaches
  2 goblins
  5 hobgoblins
  3 jackals (D:1)
  2 quokkas
  4 bats (D:2)
  A frilled lizard (D:1)
  5 kobolds
  8 rats
48 creatures vanquished.

Notes
Turn   | Place    | Note
-------+----------+-------------------------------------------
     0 | D:1      | porpoise the Human Hunter began the quest for the Orb.
     0 | D:1      | Reached XP level 1. HP: 16/16 MP: 1/1
    95 | D:1      | Reached XP level 2. HP: 22/22 MP: 2/2
   551 | D:1      | Reached XP level 3. HP: 28/28 MP: 3/3
  1165 | D:2      | Reached XP level 4. HP: 34/34 MP: 4/4
  1188 | D:2      | Reached skill level 5 in Ranged Weapons
  1372 | D:2      | Found a blossoming altar of Fedhas.
  1457 | D:2      | Became a worshipper of Fedhas Madash
  1679 | D:3      | Found a sparkling altar of Nemelex Xobeh.
  1947 | D:3      | Succumbed to an orc's poison

Illustrated notes

Levels and vault maps discovered:
D:1:      spicycebolla_arrival_clurvy, layout_loops_corners
D:2:      layout_loops_ring, basic_altar, corexii_leaking_fountain
D:3:      layout_basic, nemelex_xobeh_ov_fountains_minmay

Skill      XL: |  1  2  3  4 |
---------------+-------------+-----
Ranged Weapons | 5 |  5.2
Fighting       | 3 |  3.0
Dodging        | |  2.0
Stealth        | |  1.0

Action                     |  1- 3 |  4- 6 || total
---------------------------+-------+-------++-------
  Melee: Shortbow          |       |     1 ||     1
   Fire: Shortbow          |    89 |    43 ||   132
    Use: Potion            |       |     1 ||     1
 Armour: Leather armour    |    13 |     6 ||    19
  Dodge: Dodged            |    25 |    16 ||    41

Table legend: (Time is in decaauts)
 A = Elapsed time spent in this place.
 B = Non-inter-level travel time spent in this place.
 C = Inter-level travel time spent in this place.
 D = Time resting spent in this place.
 E = Time spent auto-exploring this place.
 F = Levels seen in this place.
 G = Mean time per level.
                   A        B        C        D        E       F      G
               +--------+--------+--------+--------+--------+-----+--------+
         Total |   1985 |   1917 |     68 |    100 |   1519 |   3 |  661.7 |
       Dungeon |   1985 |   1917 |     68 |    100 |   1519 |   3 |  661.7 |
               +--------+--------+--------+--------+--------+-----+--------+

Top non-repeatable levels by time:
     D:1: 896 daAuts
     D:2: 781 daAuts
     D:3: 308 daAuts
